 Dungeon Crawl Stone Soup version 0.28-b1-1-g3c77fb2ed1 (webtiles) character file.

Game seed: 18006103183008974910

123 McKennaii the Conjurer (level 4, -2/33 HPs)
             Began as a Demigod Conjurer on Jan 28, 2022.
             Slain by Grinder (7 damage)
             ... while paralysed by Grinder
             ... on level 3 of the Dungeon.
             The game lasted 00:03:41 (2745 turns).

McKennaii the Conjurer (Demigod Conjurer)           Turns: 2745, Time: 00:03:41

Health: -2/33      AC:  3    Str:  8    XL:     4   Next: 51%
Magic:  7/11       EV:  2    Int: 24    God:
Gold:   79         SH:  0    Dex: 12    Spells: 6/9 levels left

rFire   . . .      SeeInvis .   g - staff of air
rCold   . . .      Faith    .   (no shield)
rNeg    . . .      Spirit   .   a - +0 robe
rPois   .          Reflect  .   (no helmet)
rElec   +          Harm     .   l - scarf {+Inv}
rCorr   .          Rampage  .   f - +0 pair of gloves
Will    .....                   (no boots)
Stlth   ++........              (no amulet)
HPRegen 0.11/turn               (no ring)
MPRegen 0.12/turn               (no ring)

@: paralysed
A: high mp 1, forlorn, divine attributes
a: Evoke Invisibility


You were on level 3 of the Dungeon.
You visited 1 branch of the dungeon, and saw 3 of its levels.

You collected 109 gold pieces.
You spent 30 gold pieces at shops.

Inventory:

Armour
 a - a +0 robe (worn)
 f - a +0 pair of gloves (worn)
 k - the +1 leather armour of Fanaticism {Int+3}
   (You found it on level 2 of the Dungeon)

   Int:       It affects your intelligence (+3).
 l - a scarf of invisibility (worn)
 n - a +4 chain mail of fire resistance
Magical Staves
 g - a staff of air (weapon)
Scrolls
 e - a scroll of fog {unknown}
 i - a scroll of teleportation
 m - a scroll of blinking {unknown}
 o - a scroll of noise {unknown}
 p - a scroll of identify {unknown}
Potions
 b - 2 potions of brilliance {unknown}
 c - a potion of flight {unknown}
 d - a potion of curing {unknown}
 h - a potion of mutation {unknown}
 j - a potion of lignification {unknown}


   Skills:
 - Level 1.7 Dodging
 - Level 1.7 Stealth
 + Level 3.2 Spellcasting
 + Level 4.7 Conjurations


You had 6 spell levels left.
You knew the following spells:

 Your Spells              Type           Power      Damage    Failure   Level
a - Magic Dart            Conj           100%       1d8       1%          1
b - Searing Ray           Conj           52%        2d6       2%          2

Your spell library contained the following spells:

 Spells                   Type           Power      Damage    Failure   Level
 Dazzling Flash           Conj/Hex       30%        N/A       12%         3
 Fulminant Prism          Conj/Hex       7%         3d7       36%         4
 Iskenderun's Mystic Bla  Conj/Tloc      15%        2d5       36%         4


Dungeon Overview and Level Annotations

Branches:
Dungeon (3/15)

Shops:
D:2 *

Annotations:
D:3 Grinder


Innate Abilities, Weirdness & Mutations

You have an increased reservoir of magic. (+10% MP)
You shall have no god before yourself.
Your divine heritage dramatically boosts your attributes as you level up.


Message History

Unknown command.
You hit Ijyb.
You kill Ijyb!
Grinder gestures at you.
You shrug off the repeated paralysis!
Grinder gestures at you. You resist with significant effort.
Your transformation is almost over.
Your transformation has ended.
Your staff of air unmelds from your body.
Your scarf of invisibility unmelds from your body.
Your +0 pair of gloves unmelds from your body.
Your +0 robe unmelds from your body.
You become transparent for a moment.
You start resting.
Grinder is nearby!
Casting: Magic Dart (safe; 1% risk of failure)
Confirm with . or Enter, or press ? or * to list all spells.
Aiming: Searing Ray (safe; 2% risk of failure)
Press: ? - help, Shift-Dir - straight line, f - Grinder
Aim: Grinder (77% to hit)
The searing ray hits Grinder.
Grinder is lightly wounded. (Press . to maintain the ray.) Unknown command.
The searing ray hits Grinder!
Grinder is moderately wounded.
Grinder hits you.
* * * LOW HITPOINT WARNING * * *
You writhe in agony.
* * * LOW HITPOINT WARNING * * *
Unknown command.
The searing ray hits Grinder.
Grinder is heavily wounded.
Grinder gestures at you.
You suddenly lose the ability to move!
Grinder gestures at you.
You shrug off the repeated paralysis!
Grinder grins, showing sharp teeth.
Grinder hits you!
You die...

###########
#.5@.......
#.######### #.# #.#
#.# #.#
############.######
#...................
###.##########..######


You could see Grinder.

Vanquished Creatures
  Ijyb (D:3)
  Terence (D:2)
  3 worms (D:2)
  2 dart slugs (D:1)
  4 bats
  4 endoplasms
  3 giant cockroaches
  8 goblins
  5 hobgoblins
  4 jackals
  4 quokkas
  2 ball pythons
  3 frilled lizards
  6 kobolds
  10 rats
60 creatures vanquished.

Notes
Turn   | Place    | Note
-------+----------+-------------------------------------------
     0 | D:1      | McKennaii the Demigod Conjurer began the quest for the Orb.
     0 | D:1      | Reached XP level 1. HP: 14/14 MP: 5/5
   417 | D:1      | Reached XP level 2. HP: 9/20 MP: 3/7
   644 | D:1      | Reached skill level 4 in Conjurations
  1187 | D:2      | Reached XP level 3. HP: 26/26 MP: 6/9
  1212 | D:2      | Found Caro's General Store.
  1256 | D:2      | Bought a scroll of teleportation for 30 gold pieces
  1449 | D:2      | Identified the +1 leather armour of Fanaticism {Int+3}
  1512 | D:2      | Noticed Terence
  1590 | D:1      | Learned a level 2 spell: Searing Ray
  1988 | D:2      | Killed Terence
  1989 | D:2      | Reached XP level 4. HP: 33/33 MP: 0/11
  2651 | D:3      | Noticed Ijyb
  2654 | D:3      | Noticed Grinder
  2683 | D:3      | Paralysed by Grinder for 5 turns
  2689 | D:3      | Killed Ijyb
  2743 | D:3      | Paralysed by Grinder for 6 turns
  2745 | D:3      | Slain by Grinder

Illustrated notes

Levels and vault maps discovered:
D:1:      lightli_arrival_flooded_house, layout_rooms, basic_ecumenical_altar,
          minmay_misc_feat_alley
D:2:      layout_loops_ring, serial_shops, nicolae_diamond_shop, uniq_terence
D:3:      layout_loops_ring, serial_shops, nicolae_shop_trees,
          kennysheep_generic_room_2, uniq_grinder, uniq_sigmund, uniq_ijyb

Skill      XL: |  1  2  3  4 |
---------------+-------------+-----
Spellcasting   | 2 3 |  3.2
Conjurations   | 4 |  4.7
Dodging        | |  1.7
Stealth        | |  1.7

Action                   |  1- 3 |  4- 6 || total
-------------------------+-------+-------++-------
Melee: Unarmed           |     3 |    28 ||    31
 Cast: Magic Dart        |    90 |    24 ||   114
       Searing Ray       |     4 |     1 ||     5
Armor: Robe              |     2 |       ||     2
       Skin              |       |     2 ||     2
Dodge: Dodged            |     7 |    17 ||    24
